 Dungeon Crawl Stone Soup version 0.27.0-1-g7a089689b8 (webtiles) character file.

Game seed: 2627332799913737271

174 hito the Changer (level 5, -3/37 HPs)
             Began as an Octopode Transmuter on Aug 8, 2021.
             Was an Initiate of Ashenzari.
             Slain by Terence (23 damage)
             ... on level 3 of the Dungeon.
             The game lasted 00:08:07 (3433 turns).

hito the Changer (Octopode Transmuter)              Turns: 3433, Time: 00:08:07

Health: -3/37      AC:  2    Str: 10    XL:     5   Next: 54%
Magic:  6/8        EV: 19    Int: 16    God:    Ashenzari [......]
Gold:   87         SH:  0    Dex: 17    Spells: 2/8 levels left

rFire    . . .     SeeInvis .     - Unarmed
rCold    . . .     Faith    .   (shield currently unavailable)
rNeg     . . .     Spirit   .   (helmet currently unavailable)
rPois    x         Reflect  .   (no amulet)
rElec    .         Harm     .   j - ring "Per Aspera Ad Scientiam" {Will+, Self, Fort} (curse)
rCorr    .         Rampage  .   (no ring)
Will     +....                  (no ring)
Stlth    ++........             (no ring)
HPRegen  0.12/turn              (no ring)
MPRegen  0.11/turn              (no ring)
                                (no ring)
                                (no ring)

@: spider-form
A: venomous fangs, almost no armour, (amphibious), 8 rings, tiny, (camouflage
1), (gelatinous body 1), (nimble swimmer 1), (tentacles)
a: End Transformation, Renounce Religion, Shatter the Chains


You were on level 3 of the Dungeon.
You worshipped Ashenzari.
Ashenzari was noncommittal.
You were a venomous arachnid creature.
You visited 1 branch of the dungeon, and saw 3 of its levels.

You collected 87 gold pieces.

Inventory:

Missiles
 a - 111 stones
Jewellery
 j - the cursed ring "Per Aspera Ad Scientiam" (left front leg) {Will+, Self, Fort}
   (You found it on level 3 of the Dungeon)

   [ring of willpower]

   Will:      It increases your willpower.
   It has a curse which improves the following skills: Introspection: Fighting
   and Spellcasting.
   Fortitude: Shields.
Scrolls
 e - 3 scrolls of magic mapping
 k - a scroll of blinking
Potions
 b - a potion of berserk rage
 c - 5 potions of heal wounds
 d - a potion of degeneration
 f - a potion of might
 g - 2 potions of attraction
 h - a potion of resistance
 i - a potion of brilliance


   Skills:
 + Level 3.5(4.0) Fighting
 - Level 2.0 Dodging
 - Level 3.0 Unarmed Combat
 + Level 2.0(2.4) Spellcasting
 + Level 4.0 Transmutations
 + Level 1.3 Poison Magic


You had 2 spell levels left.
You knew the following spells:

 Your Spells              Type           Power      Damage    Failure   Level
a - Beastly Appendage     Tmut           28%        N/A       12%         1
b - Wereblood             Tmut           14%        N/A       17%         2
c - Spider Form           Tmut/Pois      5%         N/A       41%         3

Your spell library contained the following spells:

 Spells                   Type           Power      Damage    Failure   Level
 Sublimation of Blood     Necr           0%         N/A       52%         2
 Call Canine Familiar     Summ           1%         N/A       73%         3
 Portal Projectile        Hex/Tloc       2%         N/A       73%         3
 Ice Form                 Ice/Tmut       8%         N/A       83%         4
 Petrify                  Tmut/Erth      8%         N/A       83%         4
 Leda's Liquefaction      Hex/Erth       0%         N/A       97%         4
 Irradiate                Conj/Tmut      4%         3d15      98%         5


Dungeon Overview and Level Annotations

Branches:
Dungeon (3/15)

Altars:
Ashenzari
Yredelemnul

Annotations:
D:3 Terence


Innate Abilities, Weirdness & Mutations

You are a venomous arachnid creature.
You have poisonous fangs.
You are tiny and dextrous.
Your spellcasting is less reliable in this form.
Your armour is entirely melded.
You are incapable of wielding weapons or throwing items.
You cannot wear most types of armour.
((You are amphibious.))
You can wear up to eight rings at the same time.
((Your skin changes colour to match your surroundings (Stealth+).))
((Your rubbery body absorbs attacks. (AC +1, EV +1)))
((You are camouflaged near water. (Stealth+)))
((You have tentacles for arms and can constrict up to eight enemies at once.))


Message History

You tentacle-slap the endoplasm.
You kill the endoplasm!
A bat comes into view.
The helpless bat fails to defend itself.
You tentacle-slap the bat. You grab the bat.
You pierce the bat.
You kill the bat!
You see here a bat corpse.
You see here a bat corpse.
Your transformation is almost over.
Ashenzari invites you to partake of a vision and a curse of introspection and fortitude.
Your ring of willpower glows black for a moment.
Casting: Beastly Appendage (safe; 3% risk of failure)
Confirm with . or Enter, or press ? or * to list all spells.
Okay, then.
Unknown command.
Your tentacle spike disappears.
You see here a bat corpse.
Found a stone staircase leading up.
There is a stone staircase leading up here.
Found a +1 pair of gloves.
A kobold comes into view. It is wielding a +0 dagger.
Terence the Incautious comes into view.
He is wielding a +4 hand axe of distortion.
Terence shouts!
You hear a shout!
Casting: Beastly Appendage (safe; 3% risk of failure)
Confirm with . or Enter, or press ? or * to list all spells.
The spell is quite dangerous to cast (21% risk of failure)!
Continue anyway?
You turn into a venomous arachnid creature.
You hit Terence but do no damage.
Terence is poisoned.
Terence completely misses you.
You barely miss Terence.
Terence is lightly wounded.
Terence hits you with a +4 hand axe of distortion.
You blink.
Terence screams, "I want your blood!"
You hit Terence.
Terence is heavily wounded.
Terence hits you with a +4 hand axe of distortion!
Space warps horribly around you!!
Ouch! That really hurt!
You die...

# ####...## #. #
#####..## #.# .#
#........ ..# #.#
#.####.#. #.#.# #..# #+#
#.###.... #....#@K.# #.#
#.##..... ####.##### #.#
#.###....
#..[.....###.## #.#
#..#. #.#.....@s..<.##
#.###.##(
#.#.....K#.....#
#........
#.#.###..##...##
#####.### #.#.#
#..##..#########†#
#.#.###................#
#........##..###########
###..........#
##########.# #.#


You could see Terence (poisoned) and a kobold.

Vanquished Creatures
  Natasha (thrice) (D:2)
  2 adders
  A worm (D:2)
  3 dart slugs
  5 ball pythons
  6 endoplasms
  4 giant cockroaches
  9 goblins
  4 hobgoblins
  6 jackals (D:1)
  10 kobolds
  3 quokkas
  4 bats
  6 frilled lizards
  7 rats
73 creatures vanquished.

Vanquished Creatures (others)
  7 plants (D:3)
7 creatures vanquished.

Grand Total: 80 creatures vanquished

Notes
Turn   | Place    | Note
-------+----------+-------------------------------------------
     0 | D:1      | hito the Octopode Transmuter began the quest for the Orb.
     0 | D:1      | Reached XP level 1. HP: 13/13 MP: 3/3
   514 | D:1      | Reached XP level 2. HP: 18/18 MP: 3/5
   868 | D:1      | Reached XP level 3. HP: 15/24 MP: 6/6
   984 | D:1      | Learned a level 2 spell: Wereblood
   988 | D:1      | Learned a level 3 spell: Spider Form
  1056 | D:1      | Found a faded altar of an unknown god.
  1212 | D:1      | Became a worshipper of Ashenzari the Shackled
  1520 | D:2      | Reached skill level 3 in Transmutations
  1540 | D:2      | Noticed Natasha
  1549 | D:2      | Killed Natasha
  1550 | D:2      | Reached XP level 4. HP: 29/30 MP: 5/7
  1581 | D:2      | Noticed Natasha
  1593 | D:2      | Killed Natasha
  2401 | D:2      | Noticed Natasha
  2455 | D:2      | Killed Natasha
  2456 | D:2      | Reached XP level 5. HP: 26/36 MP: 6/8
  2651 | D:2      | Reached skill level 1 in Poison Magic
  3088 | D:3      | Reached skill level 4 in Transmutations
  3170 | D:3      | Found a basalt altar of Yredelemnul.
  3421 | D:3      | Noticed Terence
  3433 | D:3      | Slain by Terence

Illustrated notes

Levels and vault maps discovered:
D:1:      dpeg_arrival_erosion, layout_loops_cross,
          hellmonk_ecumenical_altar_dog_temple
D:2:      layout_loops_corners, mrwooster_statue_mirror, uniq_natasha
D:3:      layout_loops_corners, yredelemnul_altar_generic,
          mainiacjoe_overflow_cross_hatched, lexackson_kobold_supper,
          uniq_crazy_yiuf_cottage, uniq_terence, uniq_robin

Skill      XL: |  1  2  3  4  5 |
---------------+----------------+-----
Fighting       | 2 3 |  3.5
Transmutations | 3 4 |  4.0
Poison Magic   | 1 |  1.3
Dodging        | |  2.0
Unarmed Combat | |  3.0
Spellcasting   | |  2.0

Action                   |  1- 3 |  4- 6 || total
-------------------------+-------+-------++-------
Melee: Unarmed           |    80 |    98 ||   178
       Constrict         |    17 |    22 ||    39
       Tentacles         |    14 |    11 ||    25
       Kick              |    11 |    16 ||    27
       Punch             |     1 |       ||     1
 Cast: Beastly Appendage |    13 |    16 ||    29
       Spider Form       |       |     1 ||     1
       Wereblood         |       |     1 ||     1
Invok: Curse Item        |       |     1 ||     1
 Stab: Sleeping          |     6 |     4 ||    10
Armor: Skin              |     6 |     5 ||    11
Dodge: Dodged            |    49 |    51 ||   100
